 Dungeon Crawl Stone Soup version 0.30-b1-2-g02819fbbbe (webtiles) character file.

Game seed: 13838026414342675693

530 raph the Insei (level 7, -2/60 HPs)
             Began as a White Draconian Transmuter on Nov 14, 2023.
             Constricted to death by Natasha (5 damage)
             ... on level 3 of the Dungeon.
             The game lasted 00:06:27 (3233 turns).

raph the Insei (White Draconian Transmuter)         Turns: 3233, Time: 00:06:27

Health: -2/60      AC:  6    Str: 12    XL:     7   Next: 3%
Magic:  10/10      EV:  9    Int: 15    God:
Gold:   174        SH:  0    Dex: 12    Spells: 4/10 levels left

rFire   . .          .
                       - Unarmed
rCold   + . .        (no shield)
rNeg    . . .        (body armour unavailable)
rPois   .            (helmet currently unavailable)
rElec   .            (no cloak)
rCorr   .            (no gloves)
SInv    .            (boots currently unavailable)
Will    .....        (no amulet)
Stlth   +            (no ring)
HPRegen 0.30/turn    (no ring)
MPRegen 0.12/turn

%: no passive effects
@: appendages, grasped by roots, slowed, constricted, very slow
A: horns 2, talons 2, breathe frost, AC +6, unfitting armour, cold resistance 1,
cold-blooded
a: Breathe Frost, End Transformation


You were on level 3 of the Dungeon.
You had temporarily grown beastly horns and talons.
You visited 1 branch of the dungeon, and saw 3 of its levels.
You also visited: Sewer.

You collected 174 gold pieces.

Inventory:

Missiles
 f - 2 throwing nets
 i - 13 poisoned darts
Jewellery
 a - an amulet of faith
Scrolls
 b - a scroll of fear
 c - 2 scrolls of teleportation
 e - a scroll of silence
 g - a scroll of identify
Potions
 d - a potion of curing
 h - a potion of brilliance


   Skills:
 + Level 4.5 Fighting
 - Level 1.7 Dodging
 + Level 5.0 Unarmed Combat
 + Level 2.1 Spellcasting
 * Level 4.7 Transmutations
 + Level 1.0 Poison Magic


You had 4 spell levels left.
You knew the following spells:

 Your Spells              Type           Power      Damage    Failure   Level
a - Beastly Appendage     Tmut           30%        N/A       3%          1
b - Wereblood             Tmut           15%        N/A       4%          2
c - Spider Form           Tmut/Pois      10%        N/A       21%         3

Your spell library contained the following spells:

 Spells                   Type           Power      Damage    Failure   Level
 Freeze                   Ice            4%         1d3       22%         1
 Frozen Ramparts          Ice            2%         1d1       54%         3
 Hailstorm                Conj/Ice       1%         3d3       54%         3
 Stone Arrow              Conj/Erth      2%         3d7       54%         3
 Ice Form                 Ice/Tmut       8%         N/A       63%         4
 Lehudib's Crystal Spear  Conj/Erth      0%         10d2      100%        8
 Animate Armour           Summ/Erth      Unusable   N/A       N/A         4

Dungeon Overview and Level Annotations

Branches:
Dungeon (3/15)              Sewer (visited)

Altars:

Shops:
D:2 [

Annotations:
D:3 Natasha


Innate Abilities, Weirdness & Mutations

You have temporarily grown beastly horns and talons.
You can breathe waves of freezing cold which knock back foes.
Your icy white scales are hard. (AC +6)
You cannot fit into any form of body armour.
Your flesh is cold resistant. (rC+)
You are cold-blooded and may be slowed by cold attacks.


Message History

You closely miss Natasha. Your kick misses Natasha.
Natasha is heavily wounded.
The cerulean imp hits you but does no damage.
The cerulean imp misses you.
The cerulean imp hits you with a +2 spear.
Natasha claws you.
* * * LOW HITPOINT WARNING * * *
You closely miss Natasha. You tail-slap Natasha.
Natasha is heavily wounded.
The cerulean imp barely misses you.
The cerulean imp hits you but does no damage.
The cerulean imp completely misses you.
Natasha drinks a potion.
Natasha's spells are empowered!
You closely miss Natasha.
Natasha is heavily wounded.
The cerulean imp hits you but does no damage.
The cerulean imp barely misses you.
The cerulean imp hits you with a +2 spear.
* * * LOW HITPOINT WARNING * * *
Natasha casts a spell at you. The magic dart hits you.
* * * LOW HITPOINT WARNING * * *
Okay, then.
You hit Natasha but do no damage. Your kick misses Natasha.
Natasha is heavily wounded.
The cerulean imp hits you but does no damage.
The cerulean imp misses you. x2
Natasha casts a spell at you.
You feel yourself slow down.
You closely miss Natasha. Your kick misses Natasha.
Your tail-slap misses Natasha.
Natasha is heavily wounded.
The cerulean imp hits you with a +0 spear.
* * * LOW HITPOINT WARNING * * *
The cerulean imp barely misses you. x2; Natasha zaps a wand.
The roots erupt in riotous growth!
The grasping roots grab you!
The cerulean imp is unaffected. x2; Natasha is unaffected.
The cerulean imp is unaffected.
The grasping roots constrict you.
You die...

,,,,,,*##.##?##....####.#
,,,,,,*...r#.#....##...,*
,,,,,,,.#.##.##.#.)#.#***
,,,,,,.####...####†..#
,,,,,.##$...$...(##).#####
,,,,,..####...####.......#
,,,,,...#.##.##.#..#####.#
,,,,,......#.).55.###.##.#
,,,,,.....##/##h@## #....#
,,,,,......###.5## #.####
****+**#....#..(#####.#
*,,,,#......#.#.....#
*,,*,####.....#.#####
#....,,...##..#...#
*...............#.# #########
*........##.#.#.#.###.......#
*,#..#####..........#.#####.#


You could see Natasha (empowered), 3 cerulean imps and a rat.

Vanquished Creatures
  4 kobold brigands (Sewer)
  Natasha (D:3)
  5 river rats
  8 adders
  3 gnolls (D:3)
  2 worms
  2 dart slugs
  4 endoplasms
  7 giant cockroaches
  A goblin (D:1)
  5 hobgoblins
  4 jackals (D:1)
  4 quokkas
  9 ball pythons
  7 bats
  4 frilled lizards
  10 kobolds
  8 rats
88 creatures vanquished.

Notes
Turn   | Place    | Note
-------+----------+-------------------------------------------
     0 | D:1      | raph the Draconian Transmuter began the quest for the Orb.
     0 | D:1      | Reached XP level 1. HP: 16/16 MP: 3/3
   114 | D:1      | Reached XP level 2. HP: 22/23 MP: 3/5
   853 | D:2      | Reached XP level 3. HP: 12/29 MP: 6/6
  1086 | D:2      | Found Zizuocsuwa's Antique Armour Emporium.
  1113 | D:2      | You fall into a shaft and drop 1 floor!
  1171 | D:3      | Found a glowing drain.
  1177 | D:3      | Learned a level 2 spell: Wereblood
  1178 | Sewer    | Entered a sewer
  1181 | Sewer    | Noticed a kobold brigand
  1200 | Sewer    | Killed a kobold brigand
  1201 | Sewer    | Reached skill level 4 in Unarmed Combat
  1201 | Sewer    | Reached XP level 4. HP: 32/38 MP: 4/7
  1202 | Sewer    | Reached XP level 5. HP: 42/45 MP: 4/8
  1597 | Sewer    | Reached XP level 6. HP: 23/52 MP: 9/9
  2232 | D:2      | Learned a level 3 spell: Spider Form
  3160 | D:3      | Reached skill level 5 in Unarmed Combat
  3173 | D:3      | Noticed Natasha
  3180 | D:3      | Killed Natasha
  3181 | D:3      | Your scales start taking on an icy white colour.
  3181 | D:3      | Reached XP level 7. HP: 35/60 MP: 10/10
  3181 | D:3      | Gained mutation: Your flesh is cold resistant. (rC+) [White
                  | Draconian growth]
  3188 | D:3      | Reached skill level 1 in Poison Magic
  3220 | D:3      | Noticed Natasha
  3233 | D:3      | HP: 3/60 [cerulean imp/+0 spear[Natasha] (2)]
  3233 | D:3      | Constricted to death by Natasha

Illustrated notes

Levels and vault maps discovered:
D:1:      dreamdust_arrival_sigmund_warning, layout_loops_ring,
          minmay_pentomino_v2
D:2:      layout_rooms, serial_shops, nicolae_shop_just_a_little_nook,
          serial_rivers, chequers_serial_rivers_micro_a,
          chequers_serial_rivers_micro_c, chequers_serial_rivers_room_a,
          chequers_serial_rivers_large_b, minmay_worlds_worst_comb
D:3:      layout_basic, gup_sewer_entry_bowl, minmay_fractal_squares_gapless_5,
          uniq_natasha

Skill      XL: |  1  2  3  4  5  6  7 |
---------------+----------------------+-----
Fighting       | 2 3 4 |  4.5
Unarmed Combat | 4 5 |  5.0
Transmutations | 3 4 |  4.7
Poison Magic   | 1 |  1.0
Dodging        | |  1.7
Spellcasting   | |  2.1

Action                     |  1- 3 |  4- 6 |  7- 9 || total
---------------------------+-------+-------+-------++-------
  Melee: Unarmed           |   108 |   145 |    13 ||   266
         Headbutt          |    11 |    15 |       ||    26
         Kick              |    17 |    33 |       ||    50
         Tailslap          |     8 |    15 |     2 ||    25
         Punch             |     2 |     4 |       ||     6
   Cast: Beastly Appendage |    18 |    29 |     1 ||    48
         Wereblood         |     1 |     7 |       ||     8
    Use: Potion            |     1 |       |       ||     1
         Scroll            |       |    11 |       ||    11
 Armour: Skin              |    39 |    31 |     7 ||    77
  Dodge: Dodged            |    54 |    81 |    15 ||   150
